 Dungeon Crawl Stone Soup version 0.30-a0-802-gb92711bcdf (webtiles) character file.

Game seed: 14580708699803083633

11822 oldmanjim the Severer (level 11, -1/102 HPs)
             Began as a Hill Orc Fighter on Feb 23, 2023.
             Was a High Priest of Beogh.
             Drowned by a quicksilver ooze (8 damage)
             ... in an ice cave on Feb 24, 2023.
             The game lasted 01:27:22 (12025 turns).

oldmanjim the Severer (Hill Orc Fighter)           Turns: 12025, Time: 01:27:22

Health: -1/102     AC: 22    Str: 24    XL:     11   Next: 83%
Magic:  0/18       EV:  7    Int:  8    God:    Beogh [*****.]
Gold:   291        SH:  5    Dex: 10    Spells: 10/10 levels left

rFire   . . .      SeeInvis .    a - +1 war axe (heavy)
rCold   + . .      Faith    .    c - +0 buckler
rNeg    . . .      Spirit   .    n - +0 plate armour
rPois   .          Reflect  .    b - +0 helmet
rElec   .          Harm     .    X - +0 cloak
rCorr   .          Rampage  .    L - +0 pair of gloves
Will    .....                    (no boots) Stlth
                                 A - amulet of the acrobat
HPRegen 0.37/turn                F - ring of protection from cold
MPRegen 0.16/turn                y - +4 ring of protection

@: mighty, engulfed (cannot breathe)
A: walk on water
a: Renounce Religion, Smiting, Recall Orcish Followers, Give Item to Named
Follower


You were in an ice cave.
You worshipped Beogh.
Beogh was extremely pleased with you.
You visited 3 branches of the dungeon, and saw 13 of its levels.
You also visited: Ice Cave.

You collected 836 gold pieces.
You spent 545 gold pieces at shops.

Inventory:

Hand Weapons
 a - a +1 heavy war axe (weapon)
 j - a +3 arbalest
 k - a +0 broad axe
 G - a +2 heavy halberd
 N - a +2 mace of holy wrath
Missiles
 f - 60 stones (quivered)
 w - a boomerang
 C - 7 javelins
 J - 5 curare-tipped darts
 K - 6 atropa-tipped darts
 V - a throwing net
Armour
 b - a +0 helmet (worn)
 c - a +0 buckler (worn)
 n - a +0 plate armour (worn)
 L - a +0 pair of gloves (worn)
 X - a +0 cloak (worn)
Jewellery
 i - a ring of protection from fire
 y - a +4 ring of protection (right hand)
 A - an amulet of the acrobat (around neck)
 B - a +6 ring of strength
 F - a ring of protection from cold (left hand)
 W - a ring of fire
Wands
 e - a wand of flame (6)
 o - a wand of polymorph (7)
 u - a wand of light (7)
 O - a wand of charming (16)
 R - a wand of mindburst (8)
Scrolls
 g - 5 scrolls of vulnerability
 r - 3 scrolls of enchant armour
 s - 5 scrolls of enchant weapon
 t - 3 scrolls of teleportation
 v - a scroll of fog
 D - 3 scrolls of summoning
 I - 2 scrolls of blinking
 M - 3 scrolls of magic mapping
 P - a scroll of identify
 S - 3 scrolls of fear
 T - 2 scrolls of immolation
 Y - a scroll of brand weapon
 Z - a scroll of poison
Potions
 d - 2 potions of might
 h - 4 potions of attraction
 l - 3 potions of cancellation
 m - 5 potions of ambrosia
 p - 3 potions of lignification
 q - a potion of flight
 x - 4 potions of brilliance
 z - 4 potions of resistance
 E - 5 potions of mutation
 H - 3 potions of invisibility
 Q - 3 potions of curing
 U - 4 potions of haste


   Skills:
 + Level 11.4 Fighting
 + Level 15.1 Axes
 + Level 9.5 Armour
 - Level 5.0 Shields
 + Level 9.3 Invocations


You had 10 spell levels left.
You didn't know any spells.
Your spell library contained the following spells:

 Spells                   Type           Power      Damage    Failure   Level
 Foxfire                  Conj/Fire      0%         2x1d4     100%        1
 Summon Small Mammal      Summ           0%         N/A       100%        1
 Blink                    Tloc           0%         N/A       100%        2
 Ensorcelled Hibernation  Hex/Ice        0%         N/A       100%        2
 Call Canine Familiar     Summ           0%         N/A       100%        3
 Ozocubu's Armour         Ice            0%         N/A       100%        3
 Portal Projectile        Hex/Tloc       0%         N/A       100%        3
 Spider Form              Tmut/Pois      0%         N/A       100%        3
 Tukima's Dance           Hex            0%         N/A       100%        3
 Anguish                  Hex/Necr       0%         N/A       100%        4
 Leda's Liquefaction      Hex/Erth       0%         N/A       100%        4
 Manifold Assault         Tloc           0%         N/A       100%        4
 Petrify                  Tmut/Erth      0%         N/A       100%        4
 Blade Hands              Tmut           0%         N/A       100%        5
 Irradiate                Conj/Tmut      0%         3d11      100%        5
 Metabolic Englaciation   Hex/Ice        0%         N/A       100%        5
 Simulacrum               Ice/Necr       0%         N/A       100%        6
 Statue Form              Tmut/Erth      0%         N/A       100%        6
 Dragon Form              Tmut           0%         N/A       100%        7
 Storm Form               Tmut/Air       0%         N/A       100%        7


Dungeon Overview and Level Annotations

Branches:
Dungeon (11/15)            Temple (1/1) D:4            Lair (1/5) D:11
    Orc (0/2) D:9           IceCv (1/1)

Altars:
Ashenzari
Cheibriados
Dithmenos
Elyvilon
Fedhas
Gozag
Hepliaklqana
Kikubaaqudgha
Makhleb
Nemelex Xobeh
Okawaru
Qazlal
Ru
Sif Muna
Trog
Uskayaw
Vehumet
Wu Jian
Xom
Yredelemnul
Zin
The Shining One

Shops:
D:2 ?   D:4 *

Annotations:
D:5 1 runed translucent door, Crazy Yiuf
D:8 3 runed translucent doors, mandoloar's ghost, novice GrEE


Message History

The quicksilver ooze hits you.
The quicksilver ooze closely misses you.
You slip free of the ooze engulfing you.
You gasp with relief as air once again reaches your lungs.
The quicksilver ooze closely misses you.
The quicksilver ooze hits you but does no damage.
Okay, then.
Okay, then.
You feel very mighty all of a sudden. The quicksilver ooze hits you.
The quicksilver ooze engulfs you!
The quicksilver ooze completely misses you.
The quicksilver ooze hits you.
The quicksilver ooze hits you but does no damage.
You slash the quicksilver ooze!
The quicksilver ooze is moderately wounded.
Your lungs strain for air!
The quicksilver ooze hits you.
The quicksilver ooze hits you but does no damage.
You slice the quicksilver ooze!!
The quicksilver ooze is severely wounded.
* * * LOW HITPOINT WARNING * * *
Your lungs strain for air!
You block the quicksilver ooze's attack.
The quicksilver ooze hits you!
* * * LOW HITPOINT WARNING * * *
You feel your power leaking away. The quicksilver ooze hits you.
The quicksilver ooze hits you but does no damage.
You miss the quicksilver ooze.
The quicksilver ooze is severely wounded.
* * * LOW HITPOINT WARNING * * *
Your lungs strain for air!
The quicksilver ooze hits you!
* * * LOW HITPOINT WARNING * * *
The quicksilver ooze hits you but does no damage.
The quicksilver ooze hits you.
You block the quicksilver ooze's attack.
You miss the quicksilver ooze.
The quicksilver ooze is severely wounded.
You die...

### ##.. #....
#.... #....###
#.....## #.....##
#J..### ##
##@...#### ##...
###.....#####....
####.........#
####...#### ##.##
##.## ##...##
#..∩..# ##.∩.##


You could see a quicksilver ooze.

Vanquished Creatures
  Erica (D:8)
  Sonja (D:10)
  A wizard (D:11)
  A deep elf pyromancer (D:11)
  An unseen horror (D:11)
  A troll (D:10)
  Grinder (D:5)
  2 shadows (D:9)
  A basilisk (D:11)
  A vampire (D:11)
  Eustachio (D:5)
  11 yaks
  3 wraiths
  A steam dragon (D:7)
  4 vampire mosquitoes (D:11)
  A floating eye (shapeshifter) (D:10)
  A water moccasin (D:6)
  2 black bears
  4 ice beasts
  An orc warrior (D:11)
  4 sky beasts
  An ogre (D:11)
  3 phantoms
  3 centaurs
  A slime creature simulacrum (IceCv)
  2 kobold brigands (D:8)
  2 scorpions
  10 killer bees
  5 howler monkeys
  A crimson imp (D:11)
  3 orc priests
  5 hounds
  A jelly (D:7)
  2 gnoll boudas
  An iguana (D:7)
  9 orc wizards
  A killer bee zombie (D:8)
  4 ogre zombies (D:9)
  A howler monkey zombie (D:8)
  9 gnolls
  6 adders
  A shadow imp (D:6)
  9 white imps (Lair:1)
  An ufetubus (D:6)
  A worm (D:2)
  3 dart slugs
  22 orcs
  11 ball pythons
  A bat (D:1)
  3 endoplasms
  8 giant cockroaches
  5 goblins
  7 hobgoblins
  6 quokkas
  2 frilled lizards
  3 hobgoblin zombies (D:9)
  18 kobolds
  An orc skeleton (D:9)
  12 orc zombies (D:9)
  3 rats
231 creatures vanquished.

Vanquished Creatures (collateral kills)
  A two-headed ogre (D:9)
  Joseph (D:9)
  Maurice (D:9)
  An unseen horror (D:10)
  A komodo dragon (D:11)
  A queen bee (D:11)
  A troll (D:9)
  A yak (D:9)
  A steam dragon (D:10)
  A basilisk (D:11)
  6 orc warriors (D:11)
  An ogre (D:11)
  2 troll zombies (D:9)
  14 killer bees
  An orc priest (D:11)
  A gnoll bouda (D:9)
  An orc wizard (D:11)
  2 ogre zombies (D:9)
  2 gnolls (D:9)
  3 white imps (Lair:1)
  5 orcs (D:11)
  A hobgoblin skeleton (D:9)
  2 hobgoblin zombies (D:9)
  2 orc skeletons (D:9)
  4 orc zombies (D:9)
57 creatures vanquished.

Vanquished Creatures (others)
  2 orc warriors
  A worm (D:2)
  11 orcs
  A giant cockroach (D:2)
  A quokka (D:2)
  2 fungi (Lair:1)
  27 plants
45 creatures vanquished.

Grand Total: 333 creatures vanquished

Notes
Turn   | Place    | Note
-------+----------+-------------------------------------------
     0 | D:1      | oldmanjim the Hill Orc Fighter began the quest for the Orb.
     0 | D:1      | Reached XP level 1. HP: 19/19 MP: 1/1
    91 | D:1      | Reached skill level 3 in Axes
    91 | D:1      | Reached XP level 2. HP: 27/27 MP: 2/2
   995 | D:2      | Became a worshipper of Beogh the Brigand
  1069 | D:2      | Reached XP level 3. HP: 31/33 MP: 3/3
  1632 | D:2      | Found Fofrus's Magic Scroll Boutique.
  1639 | D:2      | Bought a scroll of teleportation for 42 gold pieces
  1639 | D:2      | Bought a scroll of fog for 56 gold pieces
  1639 | D:2      | Bought a scroll of identify for 28 gold pieces
  1749 | D:2      | Reached skill level 1 in Invocations
  1813 | D:3      | Found a faded altar of an unknown god.
  1821 | D:3      | Got Plato's Omnibus of Attacks
  1877 | D:3      | Reached XP level 4. HP: 23/40 MP: 4/4
  2429 | D:3      | You fall into a shaft and drop 2 floors!
  2429 | D:5      | Entered Level 5 of the Dungeon
  2442 | D:5      | Noticed Grinder
  2443 | D:5      | Paralysed by Grinder for 2 turns
  2458 | D:5      | Found a runed translucent door.
  2471 | D:5      | Killed Grinder
  2472 | D:5      | Reached skill level 4 in Axes
  2472 | D:5      | Reached skill level 5 in Shields
  2472 | D:5      | Reached XP level 5. HP: 22/47 MP: 4/6
  2472 | D:5      | Reached XP level 6. HP: 25/53 MP: 4/7
  2576 | D:5      | Noticed Crazy Yiuf
  2681 | D:5      | Reached skill level 5 in Fighting
  2830 | D:5      | Reached * piety under Beogh
  2845 | D:5      | Reached XP level 7. HP: 39/61 MP: 9/9
  2928 | D:4      | Noticed Eustachio
  2943 | D:5      | Reached skill level 5 in Axes
  3067 | D:5      | Killed Eustachio
  3068 | D:5      | Reached skill level 5 in Armour
  3456 | D:4      | Found Larihod's Assorted Antiques.
  3471 | D:4      | Bought a bubbling grey potion for 18 gold pieces
  3471 | D:4      | Bought 2 black potions for 37 gold pieces
  3471 | D:4      | Bought a scroll labelled BUB HACAN for 21 gold pieces
  3857 | D:4      | Reached XP level 8. HP: 70/70 MP: 11/11
  4083 | D:4      | Found a staircase to the Ecumenical Temple.
  4090 | Temple   | Entered the Ecumenical Temple
  4237 | D:4      | Reached skill level 6 in Axes
  4237 | D:4      | Reached skill level 5 in Invocations
  4389 | D:4      | Found a radiant altar of Vehumet.
  4417 | D:4      | Found an ancient bone altar of Kikubaaqudgha.
  4425 | D:4      | Found a shimmering blue altar of Sif Muna.
  4487 | D:4      | Got Sif Muna's Essays on Illusion
  4703 | D:5      | Reached ** piety under Beogh
  4928 | D:5      | Reached skill level 7 in Axes
  4967 | D:5      | Found an opulent altar of Gozag.
  5146 | D:6      | Found a snail-covered altar of Cheibriados.
  5677 | D:6      | Found a sacrificial altar of Ru.
  5878 | D:6      | Reached XP level 9. HP: 80/80 MP: 12/12
  5892 | D:6      | Reached skill level 8 in Axes
  6402 | D:7      | Found a hazy altar of Hepliaklqana.
  6892 | D:8      | Found a runed translucent gate.
  6892 | D:8      | Found a runed translucent gate.
  6892 | D:8      | Found a runed translucent gate.
  6892 | D:8      | Noticed mandoloar's ghost (novice GrEE)
  6905 | D:8      | Found a basalt altar of Yredelemnul.
  7175 | D:8      | Reached skill level 9 in Axes
  7192 | D:8      | Reached *** piety under Beogh
  7211 | D:8      | Reached XP level 10. HP: 51/91 MP: 15/15
  7220 | D:8      | Reached skill level 10 in Axes
  7440 | D:8      | Found a blossoming altar of Fedhas.
  7605 | D:8      | Reached skill level 10 in Fighting
  7898 | D:9      | Noticed Erica
  7922 | D:8      | Killed Erica
  7923 | D:8      | Reached skill level 11 in Axes
  8147 | D:9      | Reached skill level 12 in Axes
  8333 | D:9      | Reached skill level 13 in Axes
  8347 | D:9      | Noticed Joseph
  8347 | D:9      | Noticed a two-headed ogre
  8352 | D:9      | Killed Joseph
  8353 | D:9      | Killed a two-headed ogre
  8354 | D:9      | Reached skill level 14 in Axes
  8512 | D:9      | Found a staircase to the Orcish Mines.
  8527 | D:9      | Reached XP level 11. HP: 96/99 MP: 16/16
  8584 | D:9      | Reached **** piety under Beogh
  8713 | D:9      | Noticed Maurice
  8736 | D:9      | Killed Maurice
  9053 | D:2      | Bought a scroll of identify for 28 gold pieces
  9053 | D:2      | Bought a scroll of enchant weapon for 105 gold pieces
  9053 | D:2      | Bought a scroll of magic mapping for 105 gold pieces
  9053 | D:2      | Bought a scroll of enchant armour for 105 gold pieces
  9346 | D:10     | Entered Level 10 of the Dungeon
  9767 | D:10     | Noticed Sonja
  9771 | D:10     | Killed Sonja
 10705 | D:11     | Found a staircase to the Lair.
 10843 | D:11     | Noticed a deep elf pyromancer
 10851 | D:11     | Killed a deep elf pyromancer
 11339 | D:11     | Noticed a wizard
 11347 | D:11     | Killed a wizard
 11543 | Lair:1   | Entered Level 1 of the Lair of Beasts
 11552 | Lair:1   | Reached skill level 15 in Axes
 11978 | Lair:1   | Found a frozen archway.
 11988 | Lair:1   | Reached ***** piety under Beogh
 11994 | IceCv    | Entered an ice cave
 12013 | IceCv    | Noticed a quicksilver ooze
 12025 | IceCv    | Drowned by a quicksilver ooze

Illustrated notes

Levels and vault maps discovered:
D:1:      wander_arrival_fairy_ring, layout_basic, hangedman_decor_opposing,
          minmay_pentomino_t2
D:2:      layout_basic, serial_shops, nicolae_shop_behind_doors
D:3:      layout_basic, shapermc_ecumenical_altar_rom_forum, kennysheep_doodads,
          serial_bayou_pond_e
D:4:      layout_cave_pools, palyth_temple_overflow_mages,
          minmay_temple_entry_nine_rooms, serial_shops, shop, uniq_eustachio
D:5:      layout_rooms, grunt_gozag_breadcrumbs, uniq_grinder,
          uniq_crazy_yiuf_cottage
D:6:      layout_basic, kennysheep_slug_shrine, mainiacjoe_overflow_alcove_4
D:7:      layout_gridville, mainiacjoe_overflow_concentric_impassable,
          minmay_crystal_room
D:8:      layout_loops_ring, overflow_temple_1_default,
          nicolae_yredelemnul_ghost_church
D:9:      layout_rooms, zombieorc2_lemuel, uniq_joseph, uniq_erica, uniq_maurice
D:10:     layout_grid_maze, chequers_serial_rivers_room_b, uniq_sonja
D:11:     layout_roguey [special_room_orc], david_lair_shrubbed,
          minmay_misc_feat_four_crosses, mrwooster_statue_mirror,
          lightli_wizard_tower
Temple:   hellmonk_temple_forest_ring
Lair:1:   layout_roguey [special_room_bee], portal_ice_cave_entry_imps
IceCv:    ice_cave_hellmonk_azure_passage

Skill      XL: |  1  2  3  4  5  6  7  8  9 10 11 |
---------------+----------------------------------+-----
Axes           | 3 4 5 7 9 14 15 | 15.1
Fighting       | 4 5 6 7 9 10 11 | 11.4
Invocations    | 1 2 3 4 5 7 9 |  9.3
Shields        | 5 |  5.0
Armour         | 4 5 7 8 9 |  9.5

Action                     |  1- 3 |  4- 6 |  7- 9 | 10-12 || total
---------------------------+-------+-------+-------+-------++-------
  Melee: War axe           |   113 |    56 |   318 |   100 ||   587
         Hand axe          |       |       |    84 |   163 ||   247
  Throw: Stone             |       |     3 |    33 |       ||    36
 Invoke: Convert to Beogh  |     1 |       |       |       ||     1
         Smiting           |       |       |       |     3 ||     3
    Use: Scroll            |     1 |       |     7 |    13 ||    21
         Potion            |       |       |       |     5 ||     5
   Stab: Distracted        |       |       |       |     1 ||     1
 Armour: Scale mail        |    20 |       |       |       ||    20
         Plate armour      |    39 |    45 |   364 |   256 ||   704
  Dodge: Dodged            |    36 |    16 |   126 |   127 ||   305
  Block: Buckler           |    26 |    15 |    96 |    84 ||   221

Table legend: (Time is in decaauts)
 A = Elapsed time spent in this place.
 B = Non-inter-level travel time spent in this place.
 C = Inter-level travel time spent in this place.
 D = Time resting spent in this place.
 E = Time spent auto-exploring this place.
 F = Levels seen in this place.
 G = Mean time per level.
                   A        B        C        D        E       F      G
               +--------+--------+--------+--------+--------+-----+--------+
         Total |  12244 |  11429 |    815 |   1392 |   6310 |  14 |  874.6 |
       Dungeon |  11982 |  11173 |    809 |   1392 |   6190 |  11 | 1089.3 |
        Temple |    136 |    130 |      6 |      0 |    120 |   1 |  136.0 |
          Lair |     92 |     92 |      0 |      0 |      0 |   1 |   92.0 |
      Ice Cave |     32 |     32 |      0 |      0 |      0 |   1 |   32.0 |
               +--------+--------+--------+--------+--------+-----+--------+

Top non-repeatable levels by time:
    D:11: 1489 daAuts
     D:8: 1449 daAuts
     D:3: 1244 daAuts
     D:5: 1200 daAuts
    D:10: 1089 daAuts
     D:6: 981 daAuts
     D:4: 957 daAuts
     D:2: 954 daAuts
     D:1: 953 daAuts
     D:7: 867 daAuts
     D:9: 795 daAuts
  Temple: 136 daAuts
  Lair:1: 92 daAuts
   IceCv: 32 daAuts
